 Dungeon Crawl Stone Soup version 0.22.1-2-g9c5b331 (webtiles) character file.

17599 marthius the Cleaver (level 12, -1/103 HPs)
             Began as a Minotaur Berserker on Dec 12, 2018.
             Was an Elder of Trog.
             Slain by a sixfirhy (2 damage)
             ... on level 2 of the Abyss.
             The game lasted 01:16:27 (13176 turns).

marthius the Cleaver (Minotaur Berserker)          Turns: 13176, Time: 01:16:28

Health: -1/103     AC: 22    Str: 26      XL:     12   Next: 20%
Magic:  13/13      EV:  9    Int:  0 (4)  God:    Trog [****..]
Gold:   590        SH:  0    Dex: 11      Spells: 11/11 levels left

rFire    . . .     SeeInvis .   E - +0 battleaxe
rCold    . . .     Gourm    .   (shield currently unavailable)
rNeg     + . .     Faith    .   G - +0 plate armour
rPois    .         Spirit   .   (helmet restricted)
rElec    .         Reflect  .   (no cloak)
rCorr    .         Harm     .   (no gloves)
MR       .....     Rnd*Tele +   H - +2 pair of boots
Stlth    ..........             I - amulet of the acrobat
HPRegen  0.27/turn              A - +3 ring of protection
MPRegen  0.13/turn              b - ring of positive energy

@: slowed, lost intelligence, studying Bows, very slow
A: retaliatory headbutt, horns 2, [deterioration 1], [frail 1], [screaming 1],
[teleportitis 2], no potion heal 1
a: Berserk, Trog's Hand, Brothers in Arms, Renounce Religion


You were on level 2 of the Abyss.
You worshipped Trog.
Trog was greatly pleased with you.
You were near starving.

You visited 1 branch of the dungeon, and saw 12 of its levels.
You visited the Abyss 1 time.

You collected 590 gold pieces.

Inventory:

Hand Weapons
 v - a +0 war axe
 E - a +0 battleaxe (weapon)
 K - a +2 trident of venom
 N - a +2 whip of flaming
 V - a +2 arbalest of freezing
Missiles
 g - 336 stones
 p - 16 tomahawks (quivered)
 s - 5 exploding tomahawks
 T - 7 large rocks
Armour
 a - +0 steam dragon scales
 d - a +0 shield
 C - a +0 pair of boots
 G - a +0 plate armour (worn)
 H - a +2 pair of boots (worn)
 M - a +0 leather armour
Magical Staves
 z - an uncursed staff of air {unknown}
Jewellery
 b - a ring of positive energy (right hand)
 q - a +3 ring of protection
 r - an uncursed ring of poison resistance
 x - an uncursed ring of ice
 y - an uncursed ring of see invisible
 A - a +3 ring of protection (left hand)
 I - an amulet of the acrobat (around neck)
 O - an uncursed amulet of faith
 P - an uncursed ring of resist corrosion
 R - an uncursed ring of stealth
 X - an uncursed amulet of the gourmand
Wands
 B - a wand of disintegration (11)
 D - a wand of acid (6)
 S - a wand of random effects (31)
Scrolls
 i - 10 scrolls of remove curse
 n - 4 scrolls of teleportation
 u - 2 scrolls of magic mapping
 w - 2 scrolls of blinking
 F - a scroll of enchant armour
 J - a scroll of enchant weapon {unknown}
 U - a scroll of identify
 W - a scroll of fear
Potions
 e - 2 potions of berserk rage
 f - 7 potions of curing
 h - a potion of flight
 j - 4 potions of heal wounds
 k - 2 potions of agility
 l - 5 potions of haste
 m - 2 potions of cancellation {unknown}
 o - 6 potions of might
 t - 3 potions of lignification {unknown}
Books
 L - a manual of Bows
Miscellaneous
 Q - a fan of gales
Comestibles
 c - 28 rations


   Skills:
 + Level 13.4 Fighting
 + Level 13.7 Axes
 - Level 1.0 Throwing
 + Level 13.1 Armour
 - Level 3.0 Dodging
 - Level 0.3 Stealth
 + Level 3.8 Evocations


You had 11 spell levels left.
You didn't know any spells.
Your spell library was empty.

Dungeon Overview and Level Annotations

Branches:
Dungeon (12/15)            Temple (0/1) D:5            Lair (0/6) D:11
    Orc (0/2) D:9

Altars:
Dithmenos
Gozag
Hepliaklqana
Nemelex Xobeh
Trog
Uskayaw
Vehumet
Wu Jian
Yredelemnul
Zin
Beogh

Shops:
D:7 :   D:8 :

Annotations:
D:12 Sonja


Innate Abilities, Weirdness & Mutations

You reflexively headbutt those who attack you in melee.
You have a pair of horns on your head.
Potions are less effective at restoring your health.
[Your body sometimes deteriorates upon taking damage.]
[You are frail. (-10% HP)]
[You occasionally shout uncontrollably at your foes.]
[You are sometimes teleported next to monsters.]


Message History

The ufetubus closely misses you. You furiously retaliate!
You headbutt the ufetubus, but do no damage.
The ufetubus hits you but does no damage.
The ufetubus barely misses you. You furiously retaliate!
You headbutt the ufetubus!
You kill the ufetubus!
The neqoxec gestures at you.
Strange energies course through your body.
Your system partially rejects the healing effects of potions.
The ufetubus hits you but does no damage.
The ufetubus closely misses you.
You almost manage to decipher the scroll, but fail in this attempt.
The sixfirhy hits you but does no damage.
The sixfirhy hits you.
* * * LOW HITPOINT WARNING * * *
The sixfirhy shocks you!
* * * LOW HITPOINT WARNING * * *
The sixfirhy hits you but does no damage.
The sixfirhy hits you.
You die...

#.. #. . ..# ..
#. #≈ ..≈..#.#.
#.###. .........
##§.#. .
.#.#..≈...... .#
...≈#.≈#.≈.≈... 3
#.....#≈. 5.# ##
. #.35.....#÷ ..
#.. #3555# .≈
#.... #@3#. #3
....####
#X55.............
##.#####.#.##.# .
#.##### ##. #
#.....5. ...
######## . #. ##
## #


You could see a large abomination, a sixfirhy, a neqoxec, a ynoxinul and 6
ufetubi.

Vanquished Creatures
  3 two-headed ogres
  A wretched star (Abyss:1)
  Pikel (D:9)
  3 large abominations (Abyss:1)
  A golden dragon skeleton (Abyss:1)
  A cyclops (D:11)
  2 smoke demons (Abyss:1)
  Psyche (D:11)
  2 gargoyles (D:12)
  A troll (D:9)
  3 hornets
  3 raiju (Abyss:1)
  Prince Ribbit (D:5)
  2 hippogriffs (D:11)
  2 shadows
  A wyvern (D:8)
  A wraith (D:12)
  7 yaks
  A hungry ghost (D:7)
  Eustachio (D:6)
  3 hogs (D:7)
  A human (D:7)
  A steam dragon (D:7)
  2 vampire mosquitoes (D:12)
  A chaos spawn (Abyss:1)
  A small abomination (Abyss:1)
  2 acid dragons
  6 ice beasts
  9 orc warriors
  3 slaves (D:9)
  5 sky beasts
  2 phantoms
  A necrophage (D:6)
  8 ogres
  An eye of draining (D:12)
  4 centaurs
  A big kobold (D:8)
  7 bullfrogs
  A wyvern zombie (D:12)
  A wyvern skeleton (D:8)
  A water moccasin skeleton (D:8)
  4 killer bees (D:8)
  7 scorpions
  A howler monkey (D:7)
  5 crimson imps
  A centaur zombie (D:8)
  A quasit (Abyss:2)
  3 bullfrog zombies
  5 hounds
  7 orc priests
  4 jellies
  2 centaur skeletons
  An iron imp (Abyss:1)
  5 iguanas
  Natasha (thrice) (D:2)
  10 orc wizards
  8 worker ants
  A killer bee zombie (D:8)
  2 hound zombies (D:9)
  4 gnolls (D:2)
  18 adders
  5 shadow imps
  A white imp (Abyss:1)
  An ooze (D:1)
  An adder skeleton (D:8)
  3 worms
  A dart slug (D:4)
  8 leopard geckos
  62 orcs
  A ball python (D:2)
  6 bats
  4 giant cockroaches
  11 hobgoblins
  8 jackals
  15 kobolds
  4 quokkas
  8 frilled lizards
  5 goblins
  A leopard gecko skeleton (D:5)
  2 quokka skeletons
  8 rats
346 creatures vanquished.

Vanquished Creatures (others)
  An adder (D:9)
1 creature vanquished.

Grand Total: 347 creatures vanquished

Notes
Turn   | Place    | Note
-------+----------+-------------------------------------------
     0 | D:1      | marthius the Minotaur Berserker began the quest for the
                  | Orb.
     0 | D:1      | Reached XP level 1. HP: 19/19 MP: 0/0
   317 | D:1      | Reached XP level 2. HP: 24/27 MP: 1/1
  1059 | D:2      | Reached XP level 3. HP: 30/33 MP: 2/2
  1128 | D:2      | Reached ** piety under Trog
  1204 | D:2      | Reached XP level 4. HP: 41/41 MP: 3/3
  1351 | D:2      | Noticed Natasha
  1361 | D:2      | Killed Natasha
  1361 | D:2      | Reached skill level 5 in Axes
  1428 | D:2      | Noticed Natasha
  1449 | D:2      | Killed Natasha
  1449 | D:2      | Reached XP level 5. HP: 47/47 MP: 4/4
  1985 | D:2      | Noticed Natasha
  1992 | D:2      | Killed Natasha
  2127 | D:3      | Reached *** piety under Trog
  2131 | D:3      | Reached skill level 5 in Fighting
  2168 | D:3      | Reached XP level 6. HP: 51/56 MP: 5/5
  2436 | D:3      | Reached skill level 1 in Throwing
  3467 | D:4      | Reached XP level 7. HP: 62/62 MP: 6/6
  3550 | D:4      | Reached skill level 5 in Armour
  3914 | D:4      | Reached **** piety under Trog
  3948 | D:5      | Entered Level 5 of the Dungeon
  4116 | D:5      | Found a staircase to the Ecumenical Temple.
  4303 | D:5      | Received a gift from Trog
  4434 | D:5      | Reached XP level 8. HP: 68/73 MP: 7/7
  4513 | D:5      | Found a sparkling altar of Nemelex Xobeh.
  4609 | D:5      | Noticed Prince Ribbit
  4618 | D:5      | Killed Prince Ribbit
  4902 | D:5      | Found an ornate altar of the Wu Jian Council.
  5073 | D:6      | Found a radiant altar of Vehumet.
  5133 | D:6      | Found a hide-covered altar of Uskayaw.
  5958 | D:6      | Found a radiant altar of Vehumet.
  5960 | D:6      | Noticed Eustachio
  5977 | D:6      | Killed Eustachio
  5977 | D:6      | Reached XP level 9. HP: 81/81 MP: 8/8
  6544 | D:7      | Got a shimmering ring mail
  6561 | D:7      | Identified the +0 ring mail of Neece {Dex+4} (You found it
                  | on level 7 of the Dungeon)
  7245 | D:7      | Found a bloodstained altar of Trog.
  7453 | D:7      | Found Wuwic's Book Shop.
  7475 | D:7      | Reached skill level 10 in Axes
  7773 | D:7      | Reached skill level 10 in Fighting
  7971 | D:8      | Found Rofete's Book Emporium.
  7980 | D:8      | Reached XP level 10. HP: 81/92 MP: 9/9
  7992 | D:8      | Reached skill level 10 in Armour
  7999 | D:8      | Reached ***** piety under Trog
  8212 | D:8      | Found an opulent altar of Gozag.
  8974 | D:8      | Found a faded altar of an unknown god.
  8974 | D:8      | Found a basalt altar of Yredelemnul.
  8979 | D:8      | Found a glowing silver altar of Zin.
  8981 | D:8      | Found a hazy altar of Hepliaklqana.
  8983 | D:8      | Found a faded altar of an unknown god.
  9331 | D:9      | Noticed Pikel
  9340 | D:9      | Killed Pikel
  9766 | D:9      | Reached XP level 11. HP: 36/103 MP: 10/10
 10059 | D:9      | Found a roughly hewn altar of Beogh.
 10059 | D:9      | Found a staircase to the Orcish Mines.
 10406 | D:10     | Entered Level 10 of the Dungeon
 10669 | D:10     | Noticed a two-headed ogre
 10684 | D:10     | Killed a two-headed ogre
 11312 | D:11     | Noticed a two-headed ogre
 11319 | D:11     | Killed a two-headed ogre
 11362 | D:11     | Noticed Psyche
 11375 | D:11     | Killed Psyche
 11401 | D:11     | Found a shadowy altar of Dithmenos.
 11738 | D:11     | Found a staircase to the Lair.
 11799 | D:11     | Reached skill level 1 in Evocations
 12299 | D:12     | Noticed a two-headed ogre
 12304 | D:12     | Killed a two-headed ogre
 12693 | D:12     | Noticed Sonja
 12721 | D:12     | Cast into level 1 of the Abyss (Sonja)
 12857 | Abyss:1  | Noticed a large abomination
 12871 | Abyss:1  | Noticed a wretched star
 12874 | Abyss:1  | Killed a large abomination
 12874 | Abyss:1  | Reached XP level 12. HP: 115/115 MP: 13/13
 13044 | Abyss:1  | Noticed a starcursed mass
 13078 | Abyss:1  | Noticed a great orb of eyes
 13168 | Abyss:2  | Lost intelligence.
 13175 | Abyss:2  | Gained mutation: Potions are less effective at restoring
                  | your health. [a neqoxec]
 13176 | Abyss:2  | HP: 1/103 [sixfirhy (9)]
 13176 | Abyss:2  | Slain by a sixfirhy

Skill      XL: |  1  2  3  4  5  6  7  8  9 10 11 12 |
---------------+-------------------------------------+-----
Axes           | 4 5 6 7 9 10 12 13 | 13.7
Fighting       | 4 5 7 8 10 11 13 | 13.4
Armour         | 3 4 6 8 9 11 12 13 | 13.1
Dodging        | 3 |  3.0
Throwing       | 1 |  1.0
Evocations     | 3 |  3.8
Stealth        | |  0.3

Action                   |  1- 3 |  4- 6 |  7- 9 | 10-12 || total
-------------------------+-------+-------+-------+-------++-------
Melee: Hand axe          |    67 |   202 |       |       ||   269
       Headbutt          |    10 |    29 |    52 |    95 ||   186
       War axe           |       |    14 |   194 |       ||   208
       Battleaxe         |       |       |    81 |   455 ||   536
Throw: Stone             |       |    16 |    10 |       ||    26
Invok: Berserk           |     1 |     3 |     8 |    14 ||    26
       Trog's Hand       |       |     1 |     2 |     8 ||    11
       Brothers in Arms  |       |       |       |     1 ||     1
Evoke: Wand              |       |       |       |     7 ||     7
  Use: Scroll            |     3 |     8 |     5 |     3 ||    19
       Potion            |       |       |       |     3 ||     3
  Eat: Chunk             |     1 |     9 |    28 |    14 ||    52
       Ration            |       |     1 |       |     5 ||     6
Armor: Chain mail        |    44 |   105 |   131 |       ||   280
       Plate armour      |       |       |    32 |   347 ||   379
Dodge: Dodged            |    21 |    85 |   113 |   272 ||   491
